 Dungeon Crawl Stone Soup version 0.32-a0-339-g5eddc7e (webtiles) character file.

Game seed: 18015028808898786457

10199 edsrzf the Cleaver (level 11, -4/101 HPs)
             Began as a Mountain Dwarf Reaver on Feb 16, 2024.
             Was a High Priest of Cheibriados.
             Slain by a wyvern (12 damage)
             ... on level 10 of the Dungeon on Feb 17, 2024.
             The game lasted 00:26:10 (11893 turns).

edsrzf the Cleaver (Mountain Dwarf Reaver)         Turns: 11893, Time: 00:26:12

Health: -4/101     AC:  6    Str: 25    XL:     11   Next: 33%
Magic:  5/18       EV: 12    Int: 30    God:    Cheibriados [*****.]
Gold:   1453       SH:  0    Dex: 25    Spells: 11/20 levels left

rFire   . . .        b - +3 trident (flame)
rCold   . . .        (no shield)
rNeg    + . .        N - +1 leather armour {rPois}
rPois   +            n - +0 helmet
rElec   .            (no cloak)
rCorr   .            (no gloves)
SInv    .            f - +0 pair of boots
Will    +....        F - amulet of the acrobat
Stlth   ++           m - ring of positive energy
HPRegen 0.36/turn    z - +6 ring of dexterity
MPRegen 0.16/turn

%: acrobat
@: very slow
A: runic magic, artefact enchanting
a: Renounce Religion, Bend Time, Temporal Distortion, Slouch, Step From Time


You were on level 10 of the Dungeon.
You worshipped Cheibriados.
Cheibriados was extremely pleased with you.
You visited 1 branch of the dungeon, and saw 10 of its levels.

You collected 1603 gold pieces.
You spent 150 gold pieces at shops.

Inventory:

Hand Weapons
 a - a +0 hand axe
 b - a +3 trident of flaming (weapon)
 M - a +0 war axe
 P - a +2 executioner's axe of freezing
Missiles
 c - 53 poisoned darts
 G - a curare-tipped dart
Armour
 f - a +0 pair of boots (worn)
 n - a +0 helmet (worn)
 N - a +1 leather armour of poison resistance (worn)
Jewellery
 m - a ring of positive energy (left hand)
 o - a +6 ring of dexterity
 z - a +6 ring of dexterity (right hand)
 E - a ring of willpower
 F - an amulet of the acrobat (around neck)
 I - a ring of fire
Wands
 l - a wand of flame (11)
 u - a wand of iceblast (15)
 A - a wand of polymorph (6)
 H - a wand of paralysis (19)
Scrolls
 h - 4 scrolls of teleportation
 i - 2 scrolls of enchant weapon
 j - 4 scrolls of amnesia
 q - a scroll of fear
 r - 3 scrolls of poison
 t - a scroll of noise
 y - a scroll of vulnerability
 K - a scroll of identify {@r1}
 L - a scroll of fog {unknown}
 O - a scroll of immolation {unknown}
Potions
 g - a potion of berserk rage {!q}
 k - a potion of enlightenment
 p - 2 potions of attraction
 s - 4 potions of mutation {!q}
 x - 2 potions of haste
 B - a potion of heal wounds
 C - a potion of invisibility
 D - a potion of brilliance
 J - 2 potions of curing


   Skills:
 - Level 10.3 Fighting
 + Level 12.8 Axes
 + Level 4.0 Armour
 - Level 1.3 Dodging
 - Level 5.1 Spellcasting
 - Level 6.0 Conjurations
 - Level 4.0 Necromancy
 - Level 6.0 Earth Magic


You had 11 spell levels left.
You knew the following spells:

 Your Spells              Type           Power      Damage    Failure   Level
a - Kiss of Death         Conj/Necr      100%       2d13      1%          1
b - Momentum Strike       Conj/Tloc      50%        3d9       2%          2
c - Stone Arrow           Conj/Erth      88%        3d12      1%          3
r - Searing Ray           Conj           86%        2d7       1%          2
x - Magic Dart            Conj           100%       1d8       1%          1

Your spell library contained the following spells:

 Spells                   Type           Power      Damage    Failure   Level
 Shock                    Conj/Air       100%       1d9       1%          1
 Sublimation of Blood     Necr           31%        N/A       1%          2
 Dazzling Flash           Conj/Hex       50%        N/A       4%          3
 Hailstorm                Conj/Ice       25%        3d7       4%          3
 Gell's Gravitas          Tloc           7%         N/A       17%         3
 Inner Flame              Hex/Fire       7%         N/A       17%         3
 Swiftness                Air            7%         N/A       17%         3
 Teleport Other           Tloc           7%         N/A       17%         3
 Volatile Blastmotes      Fire/Tloc      14%        2d11      17%         3
 Animate Armour           Summ/Erth      50%        N/A       17%         4
 Fulminant Prism          Conj/Alch      12%        3d9       17%         4
 Petrify                  Alch/Erth      25%        N/A       17%         4
 Irradiate                Conj/Alch      12%        3d15      43%         5
 Airstrike                Air            3%         2d(1-17)  50%         4
 Starburst                Conj/Fire      12%        6d5       95%         6
 Dispersal                Tloc           3%         N/A       100%        6
 Ignition                 Fire           3%         3d4       100%        8
 Lehudib's Crystal Spear  Conj/Erth      22%        10d6      100%        8
 Maxwell's Capacitive Co  Air            3%         ∞         100%        8


Dungeon Overview and Level Annotations

Branches:
Dungeon (10/15)            Temple (0/1) D:5            Lair (0/5) D:10
    Orc: D:9-12

Altars:
Ashenzari
Cheibriados
Elyvilon
Fedhas
Hepliaklqana
Makhleb
Nemelex Xobeh
Okawaru
Qazlal
Ru
Trog
Uskayaw
Wu Jian

Shops:
D:4 *   D:5 !   D:7 *

Portals:
Abyss: D:9

Annotations:
D:9 2 transporters, seeu12's ghost, novice OpIE


Innate Abilities, Weirdness & Mutations

Your spellcasting is much less encumbered by armour.
You can use scrolls of enchantment on lesser artefacts.


Message History

The searing ray hits the yak but does no damage.
The yak is moderately wounded.
The searing ray hits the yak!
The yak is heavily wounded.
The yak completely misses you.
The searing ray hits the yak!
The yak is severely wounded.
The searing ray hits the yak!
The yak is almost dead.
You finish channelling your searing ray.
The yak misses you.
You puncture the yak! You burn the yak.
You kill the yak!
Cheibriados appreciates the change of pace.
The water moccasin bites you.
You hit the water moccasin. You burn the water moccasin.
The water moccasin is lightly wounded.
The water moccasin bites you but does no damage.
You puncture the water moccasin! You burn the water moccasin.
The water moccasin is heavily wounded.
The water moccasin bites you.
You closely miss the water moccasin.
The water moccasin is heavily wounded.
The water moccasin bites you!
You hit the water moccasin. You burn the water moccasin.
The water moccasin is severely wounded.
The water moccasin bites you but does no damage.
The water moccasin barely misses you.
You closely miss the water moccasin.
The water moccasin is severely wounded.
The water moccasin closely misses you.
You hit the water moccasin. You burn the water moccasin.
The water moccasin is almost dead.
The water moccasin bites you! The water moccasin barely misses you.
You hit the water moccasin but do no damage.
The water moccasin is almost dead.
The water moccasin bites you.
You are poisoned.
The water moccasin poisons you!
You miss the water moccasin.
The water moccasin is almost dead.
You feel sick.
The water moccasin bites you but does no damage.
You puncture the water moccasin! You burn the water moccasin.
You kill the water moccasin!
Cheibriados appreciates the change of pace.
You feel sick.
You puncture the yak! You burn the yak.
You kill the yak!
Cheibriados appreciates the change of pace.
You feel sick. The basilisk gazes at you.
You easily resist.
Reach: b) +3 trident (flame)
Press: ? - help, Dir - move target, f - basilisk
Aim: a basilisk (moderately wounded, about 32% to evade your +3 trident of flaming)
You reach to attack!
You puncture the basilisk! You burn the basilisk.
The basilisk is almost dead.
You feel sick.
You closely miss the basilisk.
The basilisk is almost dead.
You feel sick. The basilisk bites you!
You hit the basilisk but do no damage.
The basilisk is almost dead.
You feel sick. The basilisk barely misses you.
You closely miss the basilisk.
The basilisk is almost dead.
You feel sick. The basilisk bites you!
* * * LOW HITPOINT WARNING * * *
You miss the basilisk.
The basilisk is almost dead.
The basilisk gazes at you.
You easily resist.
You hit the basilisk. You burn the basilisk.
You kill the basilisk!
Cheibriados appreciates the change of pace.
You feel sick.
Your Armour skill increases to level 4!
Unknown command.
You feel sick.
Items here: †††††.
You feel sick.
You are no longer poisoned.
You see here a scorpion corpse.
Found 9 gold pieces.
Found a staircase to the Lair.
A wyvern comes into view.
Press: ? - help, v - describe, . - travel
Here: a wyvern (wandering, hasn't noticed you)
The floor.
The wyvern completely misses you.
You hit the wyvern. You burn the wyvern.
The wyvern is lightly wounded.
You hear the steady creaking of a distant portcullis.
The wyvern bites you.
* * * LOW HITPOINT WARNING * * *
The gargoyle hits you with a +0 flail!!
* * * LOW HITPOINT WARNING * * *
The wyvern bites you!
You die...
Cheibriados appreciates the motionlessness of death.

#.# *,*,* *,* *,* #.# #.*,**
*,* *,* #.# #.*,,# *,* *,* #.#
#.**.# *,* *,* #.# #.**.## *,*
*,* ###.## #.##$.###.* *,*
.....# *......P..** *,*
.#...######## ##.....P..,****,*
.#.)..)..>..###P@9......,,,,,,*
....#######.##PkPP.....P,,,****
.#.## ##.##P...P....♣*,,,,,*
.#.# *#..#♣.P..P...P.,,,,*,*
.#.######.#.#......♣...♣,,,,*,*
.#.<.....###††.♣.P..>.P.,,,,*,*
,########.#.#.♣....P...♣,,,,*,*
,* *#..#......P..P,,,,,*,* ,*
#........P..P.,,,,**,*


You could see a wyvern and a gargoyle.

Vanquished Creatures
  2 two-headed ogres (D:9)
  Pikel (D:7)
  Joseph (D:7)
  18 yaks
  A wyvern (D:9)
  Eustachio (D:4)
  2 basilisks (D:10)
  Menkaure (D:4)
  5 water moccasins
  3 orc warriors
  4 ice beasts
  2 sky beasts (D:8)
  A black bear (D:7)
  2 ogres
  A phantom (D:4)
  2 lemures (D:7)
  3 kobold brigands
  2 bullfrogs (D:9)
  2 scorpions
  24 wights
  5 jellies (D:7)
  2 howler monkeys
  2 bombardier beetles
  2 hounds
  7 orc priests
  5 iguanas
  5 orc wizards
  10 gnolls
  8 adders
  3 white imps
  2 ufetubi (D:7)
  A dart slug (D:3)
  A ribbon worm (D:3)
  23 orcs
  8 endoplasms
  4 giant cockroaches
  6 goblins
  5 hobgoblins
  6 jackals
  18 kobolds
  3 quokkas
  5 ball pythons
  2 frilled lizards (D:2)
  8 rats
219 creatures vanquished.

Vanquished Creatures (others)
  Maurice (D:9)
1 creature vanquished.

Grand Total: 220 creatures vanquished

Notes
Turn   | Place    | Note
-------+----------+-------------------------------------------
     0 | D:1      | edsrzf the Mountain Dwarf Reaver began the quest for the
                  | Orb.
     0 | D:1      | Reached XP level 1. HP: 17/17 MP: 3/3
   131 | D:1      | Reached skill level 2 in Spellcasting
   291 | D:1      | Reached skill level 3 in Conjurations
   291 | D:1      | Reached XP level 2. HP: 20/21 MP: 5/5
   313 | D:1      | Learned a level 2 spell: Momentum Strike
   430 | D:1      | Reached skill level 1 in Necromancy
   716 | D:1      | Reached XP level 3. HP: 28/29 MP: 6/6
   856 | D:2      | Reached skill level 2 in Necromancy
   904 | D:2      | Identified 2 potions of berserk rage
   906 | D:2      | Reached XP level 4. HP: 13/36 MP: 0/7
  1191 | D:2      | Learned a level 3 spell: Stone Arrow
  1195 | D:2      | You fall into a shaft and drop 1 floor!
  1217 | D:3      | Noticed an ice beast
  1221 | D:3      | Killed an ice beast
  1222 | D:3      | Reached skill level 4 in Conjurations
  1222 | D:3      | Reached skill level 3 in Necromancy
  1222 | D:3      | Reached XP level 5. HP: 28/41 MP: 5/8
  1417 | D:2      | Found a faded altar of an unknown god.
  2193 | D:3      | Reached skill level 4 in Necromancy
  2273 | D:3      | Reached skill level 1 in Earth Magic
  2273 | D:3      | Reached XP level 6. HP: 11/46 MP: 7/9
  2437 | D:3      | Learned a level 1 spell: Magic Dart
  2440 | D:3      | Learned a level 2 spell: Searing Ray
  2986 | D:4      | Reached skill level 5 in Conjurations
  2986 | D:4      | Reached skill level 2 in Earth Magic
  3066 | D:4      | Found Baeluugg's Assorted Antiques.
  3074 | D:4      | Bought a scroll labelled AFICRO FUM ELO for 24 gold pieces
  3074 | D:4      | Bought a scroll labelled EPPIUCK BEOPUX for 24 gold pieces
  3074 | D:4      | Bought a scroll labelled HOIRYU IBAUT for 24 gold pieces
  3074 | D:4      | Bought a smoky silvery potion for 21 gold pieces
  3074 | D:4      | Bought a scroll labelled WAIKOGHENA for 24 gold pieces
  3203 | D:4      | Noticed Eustachio
  3293 | D:4      | Killed Eustachio
  3294 | D:4      | Reached skill level 3 in Earth Magic
  3294 | D:4      | Reached XP level 7. HP: 40/55 MP: 3/11
  3445 | D:4      | Identified 6 scrolls of identify
  3445 | D:4      | Identified a potion of enlightenment
  3446 | D:4      | Identified 2 potions of curing
  3447 | D:4      | Identified a potion of heal wounds
  3448 | D:4      | Identified a potion of attraction
  3449 | D:4      | Identified 2 potions of mutation
  3454 | D:4      | Noticed Menkaure
  3463 | D:4      | Killed Menkaure
  3464 | D:4      | Reached skill level 3 in Spellcasting
  3464 | D:4      | Reached skill level 4 in Earth Magic
  3722 | D:5      | Entered Level 5 of the Dungeon
  3725 | D:5      | Found a snail-covered altar of Cheibriados.
  3775 | D:5      | Became a worshipper of Cheibriados the Contemplative
  3860 | D:5      | Reached skill level 4 in Spellcasting
  3860 | D:5      | Reached skill level 5 in Earth Magic
  3972 | D:5      | Found a staircase to the Ecumenical Temple.
  4175 | D:5      | Reached XP level 8. HP: 36/61 MP: 12/14
  4187 | D:5      | HP: 3/61 [burnt (5)]
  4540 | D:5      | Found Voliwnuolo's Distillery.
  4543 | D:5      | Bought a potion of degeneration for 11 gold pieces
  4722 | D:5      | Found an ornate altar of the Wu Jian Council.
  4984 | D:6      | Identified a potion of cancellation
  5011 | D:6      | Reached skill level 6 in Earth Magic
  5138 | D:6      | Reached skill level 5 in Spellcasting
  5293 | D:6      | Reached * piety under Cheibriados
  5410 | D:6      | Reached skill level 4 in Axes
  5573 | D:6      | Reached skill level 6 in Conjurations
  6032 | D:7      | Reached ** piety under Cheibriados
  6042 | D:7      | Reached skill level 5 in Axes
  6130 | D:7      | Reached skill level 3 in Fighting
  6191 | D:7      | Reached XP level 9. HP: 70/70 MP: 8/16
  6360 | D:7      | Noticed Joseph
  6376 | D:7      | Killed Joseph
  6377 | D:7      | Reached skill level 4 in Fighting
  6377 | D:7      | Reached skill level 6 in Axes
  6552 | D:7      | Found a bloodstained altar of Trog.
  6737 | D:7      | Found a broken altar of Ashenzari.
  6739 | D:7      | Found a sacrificial altar of Ru.
  6740 | D:7      | Found a blossoming altar of Fedhas.
  6741 | D:7      | Found a stormy altar of Qazlal.
  6768 | D:7      | Reached skill level 5 in Fighting
  6768 | D:7      | Reached skill level 7 in Axes
  6876 | D:7      | Found a hazy altar of Hepliaklqana.
  6968 | D:7      | Found a white marble altar of Elyvilon.
  6969 | D:7      | Found a hide-covered altar of Uskayaw.
  7013 | D:7      | Found Lyuqufot's Assorted Antiques.
  7020 | D:7      | Bought a scroll labelled NUJ ILEUKUEKUTZ for 22 gold pieces
  7045 | D:7      | Noticed Pikel
  7063 | D:7      | Killed Pikel
  7064 | D:7      | Reached skill level 6 in Fighting
  7064 | D:7      | Reached skill level 8 in Axes
  7436 | D:7      | Identified a potion of brilliance
  7723 | D:8      | Identified a potion of magic
  7919 | D:8      | Reached skill level 7 in Fighting
  7924 | D:8      | Reached skill level 9 in Axes
  8028 | D:8      | Reached *** piety under Cheibriados
  8029 | D:8      | Reached XP level 10. HP: 69/86 MP: 0/17
  8195 | D:8      | Upgraded the game from 0.32-a0-338-g4f8ebfe to
                  | 0.32-a0-339-g5eddc7e
  8320 | D:8      | Reached skill level 8 in Fighting
  8551 | D:8      | Reached skill level 10 in Axes
  9271 | D:9      | Noticed a two-headed ogre
  9411 | D:9      | Reached skill level 9 in Fighting
  9654 | D:9      | Noticed a toenail golem
  9654 | D:9      | Noticed a toenail golem
  9668 | D:9      | Found a one-way gate to the infinite horrors of the Abyss.
  9668 | D:9      | Noticed seeu12's ghost (novice OpIE)
  9678 | D:9      | Noticed a purple ugly thing
  9681 | D:9      | Found a transporter.
  9682 | D:9      | Noticed an arcanist
  9790 | D:9      | Reached skill level 11 in Axes
  9861 | D:9      | Noticed a wretched star
  9876 | D:9      | Found a transporter.
  9880 | D:9      | Reached **** piety under Cheibriados
  9927 | D:9      | Noticed a rakshasa
 10033 | D:9      | Found a burning altar of Makhleb.
 10087 | D:9      | Noticed a two-headed ogre
 10109 | D:9      | Killed a two-headed ogre
 10330 | D:9      | Found a sparkling altar of Nemelex Xobeh.
 10382 | D:9      | Noticed Maurice
 10384 | D:9      | Maurice stole a +6 ring of dexterity
 10389 | D:9      | Maurice stole 53 poisoned darts
 10404 | D:9      | Maurice stole a +0 hand axe
 10411 | D:9      | HP: 2/88 [something/iceblast (16)]
 10413 | D:9      | Something stole 326 gold
 10414 | D:9      | Killed Maurice
 10415 | D:9      | Reached skill level 10 in Fighting
 10803 | D:9      | Identified 5 scrolls of amnesia
 10819 | D:9      | Reached XP level 11. HP: 54/100 MP: 1/18
 10822 | D:9      | Reached skill level 12 in Axes
 10861 | D:9      | Killed a two-headed ogre
 10862 | D:9      | Reached skill level 2 in Armour
 11160 | D:9      | Found an iron altar of Okawaru.
 11288 | D:9      | Identified a potion of invisibility
 11715 | D:10     | Entered Level 10 of the Dungeon
 11716 | D:10     | Identified 5 scrolls of teleportation
 11717 | D:10     | Identified 4 scrolls of poison
 11718 | D:10     | Identified 3 scrolls of enchant weapon
 11719 | D:10     | Identified 2 scrolls of fear
 11747 | D:10     | Identified 2 scrolls of noise
 11748 | D:10     | Acquired a +2 executioner's axe of freezing
 11750 | D:10     | Acquired 1095 gold pieces
 11753 | D:10     | Identified a scroll of butterflies
 11759 | D:10     | Noticed a two-headed ogre
 11834 | D:10     | Reached ***** piety under Cheibriados
 11857 | D:10     | Reached skill level 3 in Armour
 11886 | D:10     | Reached skill level 4 in Armour
 11888 | D:10     | Found a staircase to the Lair.
 11893 | D:10     | Slain by a wyvern

Illustrated notes

Levels and vault maps discovered:
D:1:      dpeg_arrival_castle, layout_loops_ring
D:2:      layout_basic, shapermc_ecumenical_altar_mp_urbaneastern,
          minmay_hexomino_u4
D:3:      layout_basic
D:4:      layout_cave_pools, serial_shops, shop, serial_bayou_pond_d,
          uniq_eustachio, uniq_menkaure
D:5:      layout_rooms, nicolae_wu_jian_immortal_techniques,
          lemuel_crystal_altar, minmay_temple_entry_statues_pillars,
          serial_shops, nicolae_shop_behind_doors, minivault_1
D:6:      layout_loops_ring
D:7:      layout_loops_corners, grunt_temple_overflow_open,
          mainiacjoe_overflow_big_doors, serial_shops,
          nicolae_shop_behind_doors, uniq_pikel, uniq_joseph
D:8:      layout_basic
D:9:      layout_loops_ring, nemelex_diamond_rough_becter,
          okawaru_altar_gauntlet_db, mainiacjoe_overflow_paths,
          gammafunk_ghost_abyssal_escape, serial_co_window_serial,
          co_window_cross_1, co_window_paths_b, co_window_corner_a,
          co_window_corner_a, co_window_paths_a, co_window_of_opportunity_c,
          co_window_corner_b, co_window_corner_ca, co_window_of_opportunity_c,
          co_window_paths_e, glass_columns_c, uniq_maurice
D:10:     layout_loops_ring, minmay_lair_entry_grove, enter_bailey_8

Skill      XL: |  1  2  3  4  5  6  7  8  9 10 11 |
---------------+----------------------------------+-----
Spellcasting   | 2 4 5 |  5.1
Conjurations   | 3 4 5 6 |  6.0
Necromancy     | 1 2 3 4 |  4.0
Earth Magic    | 1 3 5 6 |  6.0
Axes           | 5 9 11 12 | 12.8
Fighting       | 3 7 10 | 10.3
Armour         | 4 |  4.0
Dodging        | |  1.3

Action                     |  1- 3 |  4- 6 |  7- 9 | 10-12 || total
---------------------------+-------+-------+-------+-------++-------
  Melee: Hand axe          |    45 |       |       |       ||    45
         Spear             |    14 |    71 |    85 |       ||   170
         Trident           |       |       |    26 |   110 ||   136
  Throw: Dart              |       |     2 |       |     1 ||     3
   Cast: Kiss of Death     |     1 |     3 |     1 |     2 ||     7
         Magic Dart        |       |    37 |    72 |    36 ||   145
         Momentum Strike   |       |     4 |    28 |    25 ||    57
         Searing Ray       |       |       |    30 |    35 ||    65
         Stone Arrow       |       |       |     2 |     3 ||     5
    Use: Potion            |     1 |       |     4 |     5 ||    10
         Scroll            |       |       |     9 |    12 ||    21
   Stab: Sleeping          |       |       |     1 |       ||     1
         Distracted        |       |       |       |     1 ||     1
 Armour: Leather armour    |    23 |    26 |   122 |   100 ||   271
  Dodge: Dodged            |    33 |    28 |   121 |   119 ||   301

Table legend: (Time is in decaauts)
 A = Elapsed time spent in this place.
 B = Non-inter-level travel time spent in this place.
 C = Inter-level travel time spent in this place.
 D = Time resting spent in this place.
 E = Time spent auto-exploring this place.
 F = Levels seen in this place.
 G = Mean time per level.
                   A        B        C        D        E       F      G
               +--------+--------+--------+--------+--------+-----+--------+
         Total |  14012 |  13534 |    478 |   3400 |   8170 |  10 | 1401.2 |
       Dungeon |  14012 |  13534 |    478 |   3400 |   8170 |  10 | 1401.2 |
               +--------+--------+--------+--------+--------+-----+--------+

Top non-repeatable levels by time:
     D:9: 3114 daAuts
     D:8: 2055 daAuts
     D:7: 2037 daAuts
     D:6: 1572 daAuts
     D:5: 1191 daAuts
     D:3: 1130 daAuts
     D:4: 906 daAuts
     D:2: 897 daAuts
     D:1: 855 daAuts
    D:10: 252 daAuts
